 Dungeon Crawl Stone Soup version 0.30-a0-1016-gfb0d676c02 (webtiles) character file.

Game seed: 3136177744501979101

67 Abuh the Sneak (level 3, 0/24 HPs)
             Began as a Vampire Necromancer on Apr 7, 2023.
             Slain by a shadow imp (4 damage)
             ... summoned by Natasha
             ... on level 2 of the Dungeon.
             The game lasted 00:05:55 (1550 turns).

Abuh the Sneak (Vampire Necromancer)                Turns: 1550, Time: 00:05:56

Health: 0/24       AC:  3    Str:  7    XL:     3   Next: 98%
Magic:  4/6        EV: 13    Int: 19    God:
Gold:   66         SH:  0    Dex: 14    Spells: 5/6 levels left

rFire   . . .      SeeInvis +    d - +0 dagger
rCold   . . .      Faith    .    (no shield)
rNeg    . . .      Spirit   .    a - +0 robe
rPois   .          Reflect  .    (no helmet)
rElec   .          Rampage  .    e - +0 cloak
rCorr   .                        (no gloves)
Will    .....                    (no boots)
Stlth   +++                      (no amulet)
HPRegen 0.44/turn                (no ring)
MPRegen 0.10/turn                (no ring)

@: healing quickly
A: alive, fangs 3, see invisible, vampiric 2
a: Exsanguinate


You were on level 2 of the Dungeon.
You visited 1 branch of the dungeon, and saw 2 of its levels.

You collected 66 gold pieces.

Inventory:

Hand Weapons
 d - a +0 dagger (weapon)
Armour
 a - a +0 robe (worn)
 e - a +0 cloak (worn)
Scrolls
 c - a scroll of fog {unknown}
 f - a scroll of teleportation
 i - a scroll of identify {unknown}
Potions
 b - a potion of magic
 g - a potion of ambrosia {unknown}
 h - a potion of mutation {unknown}


   Skills:
 + Level 2.9 Dodging
 * Level 4.8 Stealth
 + Level 2.4 Spellcasting
 + Level 4.7 Necromancy


You had 5 spell levels left.
You knew the following spells:

 Your Spells              Type           Power      Damage    Failure   Level
a - Necrotise             Necr           80%        1d8       2%          1

Your spell library contained the following spells:

 Spells                   Type           Power      Damage    Failure   Level
 Vampiric Draining        Necr           20%        2d7       7%          3
 Animate Dead             Necr           20%        N/A       22%         4
 Agony                    Necr           20%        N/A       54%         5


Dungeon Overview and Level Annotations

Branches:
Dungeon (2/15)

Altars:
Fedhas

Annotations:
D:2 Natasha


Innate Abilities, Weirdness & Mutations

Your natural rate of healing is accelerated.
You have razor-sharp teeth.
You have supernaturally acute eyesight. (SInv)
You are afflicted with vampirism and can become a bat while bloodless.


Message History

The kobold hits your bat skeleton with a +0 dagger.
Your bat skeleton hits the kobold but does no damage. x3
The kobold hits your bat skeleton with a +0 dagger.
Your bat skeleton hits the kobold but does no damage.
Your bat skeleton misses the kobold.
The giant cockroach closely misses you.
Natasha mewls in sadness.
Your bat skeleton hits the kobold.
The kobold hits your bat skeleton with a +0 dagger.
Your bat skeleton is destroyed!
The giant cockroach bites you. Natasha claws your goblin skeleton.
Your goblin skeleton is destroyed!
The giant cockroach closely misses you. Natasha claws you.
The kobold closely misses you. The giant cockroach misses you.
You hit the giant cockroach but do no damage.
Your bite misses the giant cockroach. The giant cockroach barely misses you.
The kobold hits you but does no damage. Natasha closely misses you.
You hit the giant cockroach. You bite the giant cockroach.
You kill the giant cockroach!
The kobold barely misses you. The shadow imp misses you. Natasha claws you.
Natasha attacks as you move away! Natasha claws you but does no damage.
The kobold hits you but does no damage.
The shadow imp hits you but does no damage.
You see here a giant cockroach corpse.
You barely miss the shadow imp.
Natasha mumbles some strange words.
Natasha's front paws start to glow.
Natasha mumbles some strange words.
The kobold hits you but does no damage. The shadow imp hits you.
You hit the shadow imp but do no damage.
You bite the shadow imp.
The shadow imp is lightly wounded.
Natasha claws you.
* * * LOW HITPOINT WARNING * * *
The shadow imp barely misses you. The kobold closely misses you.
You hit the shadow imp but do no damage.
The shadow imp is lightly wounded.
Natasha claws you.
* * * LOW HITPOINT WARNING * * *
The shadow imp hits you.
You die...

^.# ..## .# ...### #.###
.#...# ....###
.###.#############......#
.###..........†..........
.....######.....##.......
####............##).._...
.###.............@5......
..##............5hK......
..##.######.........†....
..##.## #..............
......# #.....#####....
......### ####### ...#
........## ..# #........#
.# #........#


You could see Natasha, 2 shadow imps and a kobold.

Vanquished Creatures
  3 adders (D:2)
  2 dart slugs
  A ball python (D:1)
  2 bats
  3 endoplasms (D:1)
  3 giant cockroaches (D:2)
  5 goblins
  3 hobgoblins (D:1)
  3 quokkas
  A kobold (D:1)
  3 rats (D:1)
29 creatures vanquished.

Vanquished Creatures (collateral kills)
  A goblin (D:1)
  2 ball pythons (D:2)
3 creatures vanquished.

Grand Total: 32 creatures vanquished

Notes
Turn   | Place    | Note
-------+----------+-------------------------------------------
     0 | D:1      | Abuh the Vampire Necromancer began the quest for the Orb.
     0 | D:1      | Reached XP level 1. HP: 13/13 MP: 3/3
   336 | D:1      | Reached XP level 2. HP: 19/19 MP: 0/5
  1250 | D:2      | Gained mutation: You are afflicted with vampirism and can
                  | become a bat while bloodless. [Vampire growth]
  1250 | D:2      | Reached XP level 3. HP: 24/24 MP: 3/6
  1530 | D:2      | Found a blossoming altar of Fedhas.
  1536 | D:2      | Noticed Natasha
  1550 | D:2      | Slain by a shadow imp

Illustrated notes

Levels and vault maps discovered:
D:1:      eino_arrival_cavern_d, layout_basic
D:2:      layout_basic, basic_altar, uniq_terence, uniq_natasha

Skill      XL: |  1  2 |
---------------+-------+-----
Stealth        | 4 |  4.8
Dodging        | |  2.9
Spellcasting   | |  2.4
Necromancy     | |  4.7

Action                     || total
---------------------------++-------
  Melee: Dagger            ||    16
         Bite              ||     3
   Cast: Necrotise         ||    55
    Use: Scroll            ||     2
   Stab: Distracted        ||     1
 Armour: Robe              ||    14
  Dodge: Dodged            ||    22

Table legend: (Time is in decaauts)
 A = Elapsed time spent in this place.
 B = Non-inter-level travel time spent in this place.
 C = Inter-level travel time spent in this place.
 D = Time resting spent in this place.
 E = Time spent auto-exploring this place.
 F = Levels seen in this place.
 G = Mean time per level.
                   A        B        C        D        E       F      G
               +--------+--------+--------+--------+--------+-----+--------+
         Total |   1549 |   1481 |     68 |    502 |    722 |   2 |  774.5 |
       Dungeon |   1549 |   1481 |     68 |    502 |    722 |   2 |  774.5 |
               +--------+--------+--------+--------+--------+-----+--------+

Top non-repeatable levels by time:
     D:1: 1243 daAuts
     D:2: 305 daAuts
